 Dungeon Crawl Stone Soup version 0.30.0-5-g1a98f26d00 (webtiles) character file.

Game seed: 11799044471039665099

833 SnakkuSnakku7 the Insei (level 7, 0/84 HPs)
             Began as a Vampire Hedge Wizard on May 12, 2023.
             Succumbed to a killer bee's poison
             ... on level 5 of the Dungeon.
             The game lasted 00:06:37 (3467 turns).

SnakkuSnakku7 the Insei (Vampire Hedge Wizard)      Turns: 3467, Time: 00:06:37

Health: 0/84       AC: 23    Str: 17    XL:     7   Next: 66%
Magic:  11/11      EV:  2    Int: 16    God:
Gold:   26         SH:  0    Dex: 14    Spells: 11/12 levels left

rFire   . .          .
                       - Unarmed
rCold   . . .        (no shield)
rNeg    . . .        e - melded +0 chain mail
rPois   +            c - melded +0 hat
rElec   .            (cloak currently unavailable)
rCorr   .            (gloves currently unavailable)
SInv    +            (boots currently unavailable)
Will    .....        (no amulet)
Stlth   ++           i - +6 ring of strength
HPRegen 0.54/turn    (no ring)
MPRegen 0.12/turn

%: no passive effects
@: lethally poisoned (0 -> -1), tree-form, healing quickly
A: stationary, stasis, torment immunity, boosted hp, alive, (fangs 3), see
invisible, vampiric 2
a: Exsanguinate


You were on level 5 of the Dungeon.
You were a tree.
You visited 1 branch of the dungeon, and saw 5 of its levels.

You collected 176 gold pieces.
You spent 150 gold pieces at shops.

Inventory:

Hand Weapons
 a - a +0 dagger
Missiles
 u - a throwing net
Armour
 b - a +0 robe
 c - a +0 hat (melded)
 e - a +0 chain mail (melded)
Jewellery
 i - a +6 ring of strength (left branch)
Wands
 m - a wand of mindburst (5)
 n - a wand of roots (4)
Scrolls
 h - 4 scrolls of silence {unknown}
 j - a scroll of blinking {unknown}
 k - 2 scrolls of enchant weapon {unknown}
 q - a scroll of torment
 s - 4 scrolls of teleportation
 v - 2 scrolls of fear {unknown}
 x - a scroll of enchant armour {unknown}
 y - a scroll of poison {unknown}
Potions
 d - 2 potions of magic
 f - a potion of brilliance
 g - a potion of curing
 l - 2 potions of degeneration {unknown}
 p - a potion of flight
 r - a potion of haste
 t - a potion of invisibility {unknown}
 w - 2 potions of might
 z - 2 potions of heal wounds


   Skills:
 - Level 5.0 Fighting
 - Level 2.1 Dodging
 - Level 3.0 Stealth
 + Level 7.0 Unarmed Combat
 - Level 3.0 Spellcasting
 - Level 0.6 Conjurations
 - Level 1.0 Summonings
 - Level 0.7 Translocations


You had 11 spell levels left.
You knew the following spells:

 Your Spells              Type           Power      Damage    Failure   Level
a - Magic Dart            Conj           16%        1d3       14%         1

Your spell library contained the following spells:

 Spells                   Type           Power      Damage    Failure   Level
 Slow                     Hex            8%         N/A       19%         1
 Call Imp                 Summ           10%        N/A       19%         2
 Blink                    Tloc           8%         N/A       22%         2
 Cigotuvi's Dreadful Rot  Necr/Pois/Air  4%         N/A       28%         2
 Mephitic Cloud           Conj/Pois/Air  3%         N/A       45%         3


Dungeon Overview and Level Annotations

Branches:
Dungeon (5/15)
 Temple: D:4-7

Altars:
Cheibriados

Shops:
D:1 ?   D:4 (


Innate Abilities, Weirdness & Mutations

You are a tree.
Your roots penetrate the ground, keeping you stationary.
You cannot be teleported.
You are immune to unholy pain and torment.
Your maximum health is greatly increased.
Your equipment is partially melded.
Your natural rate of healing is accelerated.
((You have razor-sharp teeth.))
You have supernaturally acute eyesight. (SInv)
You are afflicted with vampirism and can become a bat while bloodless.


Message History

You are more poisoned.
The killer bee poisons you! The killer bee stings you.
Really quaff the potion of lignification?
You turn into a tree.
Your +0 hat melds into your body.
Your +0 chain mail melds into your body.
Your roots penetrate the ground.
You feel very sick. The killer bee stings you.
* * * LOW HITPOINT WARNING * * *
The killer bee stings you but does no damage.
You smack the killer bee!
You kill the killer bee!
You feel sick.
The howler monkey hoots and howls with incredible vigour!
The killer bee stings you but does no damage.
You hit the killer bee but do no damage.
You feel sick. The killer bee stings you.
* * * LOW HITPOINT WARNING * * *
The killer bee stings you but does no damage.
You hit the killer bee.
The killer bee is moderately wounded.
You feel sick.
The killer bee stings you but does no damage.
You smack the killer bee!
You kill the killer bee!
You feel sick.
The killer bee stings you but does no damage.
An ogre comes into view. It is wielding a +0 giant spiked club.
Your Unarmed Combat skill increases to level 7!
You closely miss the killer bee.
You feel sick. The killer bee stings you.
* * * LOW HITPOINT WARNING * * *
The killer bee stings you but does no damage.
You barely miss the killer bee.
You feel sick. The killer bee stings you.
* * * LOW HITPOINT WARNING * * *
The howler monkey hoots and howls with incredible vigour!
The killer bee stings you.
* * * LOW HITPOINT WARNING * * *
You pummel the killer bee!!
You kill the killer bee!
You die...

###########
..........#
#########.########
#.)..........)..#
#)######.##.###.#
#.# #.##.# #♣#
##.## #.##.# #†#
#...# #.##.# #y###
..#.# #.##.# #hy.#
#...#
#.##...OS#..#
#####
#.####...#...#
...### #.# ###y .#
.. #


You could see an ogre, a howler monkey (catching breath), 2 killer bees and an
adder.

Vanquished Creatures
  Grinder (D:3)
  2 scorpions
  4 killer bees (D:5)
  A hound (D:4)
  2 jellies
  2 orc priests (D:5)
  Terence (D:3)
  Jessica (D:3)
  An orc wizard (D:5)
  An iguana (D:5)
  A gnoll (D:2)
  3 adders
  An ufetubus (D:4)
  4 worms
  4 dart slugs
  8 orcs
  5 endoplasms
  2 giant cockroaches
  10 hobgoblins
  9 jackals
  5 quokkas
  8 ball pythons
  3 bats
  A frilled lizard (D:3)
  7 goblins
  8 kobolds
  6 rats
101 creatures vanquished.

Notes
Turn   | Place    | Note
-------+----------+-------------------------------------------
     0 | D:1      | SnakkuSnakku7 the Vampire Hedge Wizard began the quest for
                  | the Orb.
     0 | D:1      | Reached XP level 1. HP: 13/13 MP: 4/4
   106 | D:1      | Reached skill level 1 in Unarmed Combat
   139 | D:1      | Reached skill level 1 in Fighting
   139 | D:1      | Reached XP level 2. HP: 20/21 MP: 6/6
   244 | D:1      | Found a faded altar of an unknown god.
   398 | D:1      | Found The Oracle's Delphic Readings.
   410 | D:1      | Reached skill level 2 in Unarmed Combat
   415 | D:1      | Gained mutation: You are afflicted with vampirism and can
                  | become a bat while bloodless. [Vampire growth]
   415 | D:1      | Reached XP level 3. HP: 23/26 MP: 7/7
   958 | D:2      | Found a snail-covered altar of Cheibriados.
  1453 | D:3      | Reached XP level 4. HP: 33/33 MP: 8/8
  1501 | D:3      | Noticed Terence
  1536 | D:3      | Reached skill level 3 in Unarmed Combat
  1554 | D:3      | HP: 2/51 [Terence/+0 hand axe (3)]
  1557 | D:3      | Killed Terence
  1770 | D:3      | Noticed Jessica
  1782 | D:3      | Killed Jessica
  1783 | D:3      | Reached XP level 5. HP: 38/40 MP: 9/9
  1836 | D:3      | Reached skill level 4 in Unarmed Combat
  1930 | D:3      | Noticed Grinder
  1937 | D:3      | Killed Grinder
  1938 | D:3      | Reached skill level 5 in Unarmed Combat
  1938 | D:3      | Reached XP level 6. HP: 39/48 MP: 10/10
  2424 | D:4      | Reached XP level 7. HP: 55/55 MP: 11/11
  2502 | D:4      | Found Otodicuz's Weapon Shop.
  2706 | D:1      | Bought a scroll of identify for 20 gold pieces
  2706 | D:1      | Bought a scroll of identify for 20 gold pieces
  2706 | D:1      | Bought a scroll of teleportation for 30 gold pieces
  2706 | D:1      | Bought a scroll of identify for 20 gold pieces
  2706 | D:1      | Bought a scroll of teleportation for 30 gold pieces
  2706 | D:1      | Bought a scroll of teleportation for 30 gold pieces
  2785 | D:5      | Entered Level 5 of the Dungeon
  3166 | D:5      | Reached skill level 6 in Unarmed Combat
  3190 | D:5      | Reached skill level 5 in Fighting
  3465 | D:5      | Reached skill level 7 in Unarmed Combat
  3466 | D:5      | HP: 1/84 [killer bee (5)]
  3467 | D:5      | Succumbed to a killer bee's poison

Illustrated notes

Levels and vault maps discovered:
D:1:      eino_arrival_water_star, layout_rooms, basic_ecumenical_altar,
          nicolae_nh_oracle_at_delphi
D:2:      layout_loops_ring, basic_altar, minmay_pentomino_z4
D:3:      layout_loops_cross, hangedman_decor_peaks_small, hex_large,
          uniq_grinder, uniq_terence, uniq_jessica
D:4:      layout_rooms, serial_shops, nicolae_shop_real_fake_doors,
          minmay_misc_feat_cross, serial_bayou_pond_b, chequers_garden,
          chequers_serial_rivers_large_b
D:5:      layout_loops_ring, minmay_temple_entry_drinking_statues

Skill      XL: |  1  2  3  4  5  6  7 |
---------------+----------------------+-----
Unarmed Combat | 1 2 3 5 7 |  7.0
Fighting       | 1 2 4 5 |  5.0
Dodging        | |  2.1
Stealth        | |  3.0
Spellcasting   | |  3.0
Conjurations   | |  0.6
Summonings     | |  1.0
Translocations | |  0.7

Action                     |  1- 3 |  4- 6 |  7- 9 || total
---------------------------+-------+-------+-------++-------
  Melee: Dagger            |   152 |       |       ||   152
         Bite              |    22 |    17 |     9 ||    48
         Punch             |     4 |     5 |     4 ||    13
         Unarmed           |    53 |   151 |    97 ||   301
  Evoke: Wand              |       |     4 |     1 ||     5
    Use: Potion            |       |     3 |     3 ||     6
         Scroll            |       |       |     6 ||     6
 Armour: Chain mail        |   129 |    68 |    48 ||   245
         Robe              |     2 |       |       ||     2
         Skin              |       |       |     6 ||     6
  Dodge: Dodged            |    73 |    53 |    37 ||   163
